 Dungeon Crawl Stone Soup version 0.14-a0-2723-gdc5d926 (webtiles) character file.

16977 Psiweapon the Nimble (level 12, 0/73 HPs)
             Began as a Tengu Conjurer on Feb 18, 2014.
             Was a High Priest of Dithmenos.
             Killed from afar by Fannar (30 damage)
             ... with a bolt of cold
             ... on Level 3 of the Orcish Mines on Feb 19, 2014.
             The game lasted 02:29:01 (20208 turns).

Psiweapon the Nimble (Tengu Conjurer)              Turns: 20208, Time: 02:29:01

HP   0/73        AC  8     Str 10      XL: 12   Next: 33%
MP   1/31        EV 18     Int 20      God: Dithmenos [*****.]
Gold 952         SH  0     Dex 16      Spells:  8 memorised,  2 levels left

rFire  . . .     SeeInvis .     D - +2,+5 trident
rCold  . . .     Clarity  .     u - +0 troll leather armour
rNeg   . . .     Conserve +     (no shield)
rPois  .         rCorr    +     (helmet restricted)
rElec  .         rRot     .     L - +2 cloak {rCorr, Cons}
SustAb . .       Spirit   .     (no gloves)
rMut   .         Warding  .     (boots unavailable)
Saprov . . .     Stasis   .     (no amulet)
MR     .....                    J - ring of wizardry
                                y - +2 ring of intelligence

@: very slightly contaminated, wreathed by umbra, not resistant to hostile
enchantments, quite stealthy
A: able to fly, beak, talons 3
a: Fly, Shadow Step, Shadow Form, Renounce Religion


You were on level 3 of the Orcish Mines.
You worshipped Dithmenos.
Dithmenos was extremely pleased with you.
You were hungry.

You visited 4 branches of the dungeon, and saw 19 of its levels.

You collected 1000 gold pieces.
You spent 48 gold pieces at shops.

Inventory:

Hand weapons
 v - a +0,+0 bardiche
 D - a +2,+5 trident (weapon)
Missiles
 a - 4 steel tomahawks
 B - 2 tomahawks of returning (quivered)
Armour
 u - a +0 troll leather armour (worn)
 L - a +2 cloak of preservation (worn)
Magical devices
 g - a wand of magic darts (7)
 w - a wand of disintegration (4)
 F - a wand of polymorph (7)
 M - a wand of confusion (9)
Comestibles
 b - 9 bread rations
 c - a chunk of orc flesh
 d - a chunk of orc flesh
 f - 3 chunks of orc flesh
 j - 18 grapes
 m - a lemon
Scrolls
 h - a scroll of teleportation
 k - 2 scrolls of fear
 o - 2 scrolls of magic mapping
 p - 2 scrolls of fog
 r - a scroll of remove curse
 A - 4 scrolls of identify
Jewellery
 x - an uncursed amulet of stasis
 y - a +2 ring of intelligence (left hand)
 J - a ring of wizardry (right hand)
 K - an uncursed ring of teleportation
Potions
 e - a potion of speed
 l - a potion of might
 s - a potion of curing
 z - 3 potions of restore abilities
 E - a potion of porridge


   Skills:
 + Level 7.7 Fighting
   Level 2.3 Axes
 + Level 5.0 Polearms
 - Level 6.4 Armour
 - Level 10.1 Dodging
 - Level 2.0 Stealth
 + Level 9.3 Spellcasting
 - Level 10.0 Conjurations
 - Level 3.2 Charms
 + Level 7.8 Air Magic


You had 2 spell levels left.
You knew the following spells:

 Your Spells              Type           Power        Failure   Level  Hunger
a - Magic Dart            Conj           ####         1%          1    None
b - Searing Ray           Conj           #####.       1%          2    None
c - Iskenderun's Mystic   Conj           #####...     1%          4    ###....
d - Iskenderun's Battles  Conj/Chrm      #####...     3%          4    ###....
e - Dazzling Spray        Conj/Hex       ####....     1%          3    None
f - Airstrike             Air            #####.....   1%          4    ###....
g - Conjure Ball Lightni  Conj/Air       #####.....   14%         6    ######.
h - Mephitic Cloud        Conj/Pois/Air  ####....     1%          3    None


Dungeon Overview and Level Annotations

Branches:
Dungeon (11/16)            Temple (1/1) D:4             Orc (3/4) D:9
   Lair (4/8) D:8
    Elf: Orc:3-4      Swamp: Lair:3-6    Shoals: Lair:3-6     Snake: Lair:3-6
 Spider: Lair:3-6

Altars:
Ashenzari
Cheibriados
Dithmenos
Elyvilon
Fedhas
Kikubaaqudgha
Makhleb
Nemelex Xobeh
Okawaru
Trog
Vehumet
Xom
Yredelemnul
Zin
The Shining One

Shops:
Orc:1 ?

Annotations:
D:5 exclusion: downstairs
D:10
D:11 is nasty!!
D:11 exclusion: 2 doors
Orc:3 Fannar
Lair:1 exclusion: oklob plant
Lair:2 take care with gastronok on
L:3 !!!, exclusion: upstairs
Lair:3 Gastronok


Innate Abilities, Weirdness & Mutations

You can fly.
You have a beak for a mouth.
You have claws for feet.


Message History

Confirm with . or Enter, or press ? or * to list all spells.
Aiming: Magic Dart
Press: ? - help, Shift-Dir - straight line, f/p - Fannar
Aim: Fannar, wielding a staff of cold and wearing an elven robe of cold resistance (almost dead, covered in an icy film, umbra)
The magic dart hits Fannar.
Fannar is almost dead.
Fannar casts a spell.
The ice beast completely misses you.
Attack whom?
Press: ? - help, Dir - move target cursor, f/p - Fannar
Aim: Fannar, wielding a staff of cold and wearing an elven robe of cold resistance (almost dead, covered in an icy film, umbra)
You can't reach that far!
Okay, then.
Drink which item? (? for menu, Esc to quit)
Okay, then.
The ice beast barely misses you. Fannar casts a spell at you.
The bolt of cold hits the ice beast.
The ice beast completely resists.
The bolt of cold hits you!
You die...

# ## ##
##.#.### #.#.#
#......###.....
#.@..#.....#
###.#......#
###.II#......#
##......#....#
#....e.......#
##....$.>....#
#....I........#
#.#.#..(.......
......(........


You could see Fannar and 3 ice beasts.

Vanquished Creatures
  Snorg (Lair:3)
  A hydra (Lair:1)
  Erolcha (D:10)
  An orc knight (Orc:2)
  A black mamba (Lair:2)
  A spiny frog (Lair:2)
  2 trolls
  2 two-headed ogres
  A basilisk (Lair:2)
  3 blink frogs (Lair:3)
  Eustachio (D:10)
  A hippogriff (D:7)
  12 yaks
  A wyvern (D:8)
  A wolf (D:8)
  2 hungry ghosts
  Menkaure (D:4)
  4 porcupines
  10 orc warriors
  3 ice beasts
  11 ogres
  2 phantoms
  4 sky beasts
  A giant goldfish (D:8)
  2 centaurs
  2 big kobolds (D:9)
  4 crocodiles
  Sigmund (D:4)
  A warg (D:9)
  Blork the orc (D:7)
  4 giant frogs
  4 giant slugs
  A gnoll sergeant (D:6)
  8 water moccasins
  A troll zombie (D:10)
  3 jellies
  5 electric eels (D:8)
  5 crimson imps
  10 killer bees
  A centaur zombie (D:7)
  11 orc priests
  A two-headed ogre zombie (D:9)
  A black bear skeleton (D:9)
  16 hounds
  A quasit (D:9)
  5 big fish (D:8)
  A two-headed ogre skeleton (D:7)
  3 giant frog skeletons
  21 orc wizards
  4 iguanas
  5 scorpions
  7 worker ants
  A killer bee zombie (D:6)
  A mottled dragon skeleton (D:8)
  Ijyb (D:4)
  A crocodile zombie (D:7)
  2 mummies
  A worker ant zombie (D:11)
  13 adders
  6 gnolls
  3 orc skeletons
  5 orc zombies
  4 giant centipedes
  17 green rats
  A giant mite (Lair:1)
  5 worms
  An adder skeleton (D:9)
  A giant eyeball (D:9)
  10 giant geckos
  2 oozes
  92 orcs
  A ball python (D:3)
  A bat zombie (D:8)
  6 giant cockroaches
  14 goblins
  11 hobgoblins
  7 jackals
  9 quokkas
  14 bats
  6 giant newts
  2 giant spores
  A gnoll skeleton (D:6)
  25 kobolds
  A kobold skeleton (D:4)
  19 rats
  10 ballistomycetes (D:7)
  A fungus (Orc:1)
492 creatures vanquished.

Notes
Turn   | Place    | Note
--------------------------------------------------------------
     0 | D:1      | Psiweapon, the Tengu Conjurer, began the quest for the Orb.
     0 | D:1      | Reached XP level 1. HP: 10/10 MP: 3/3
   579 | D:1      | Reached XP level 2. HP: 16/16 MP: 3/5
   642 | D:1      | Learned a level 2 spell: Searing Ray
  1046 | D:1      | Reached skill level 1 in Fighting
  1454 | D:2      | Reached XP level 3. HP: 17/20 MP: 7/7
  2129 | D:3      | Reached skill level 1 in Axes
  2154 | D:3      | Reached XP level 4. HP: 17/25 MP: 5/9
  2165 | D:3      | Learned a level 4 spell: Iskenderun's Mystic Blast
  2480 | D:3      | Reached XP level 5. HP: 25/29 MP: 8/12
  2878 | D:4      | Noticed Sigmund
  2887 | D:4      | Killed Sigmund
  2887 | D:4      | Reached skill level 6 in Conjurations
  3130 | D:4      | Found a burning altar of Makhleb.
  3185 | D:4      | Noticed an ogre
  3197 | D:4      | Killed an ogre
  3197 | D:4      | Reached skill level 1 in Polearms
  3197 | D:4      | Reached XP level 6. HP: 34/34 MP: 4/15
  3328 | D:4      | Noticed Ijyb
  3331 | D:4      | HP: 1/34 [Ijyb/wand of draining (16)]
  3344 | D:4      | Killed Ijyb
  3550 | D:4      | Noticed Menkaure
  3555 | D:4      | Killed Menkaure
  3639 | D:5      | Entered Level 5 of the Dungeon
  3657 | D:5      | Reached XP level 7. HP: 35/38 MP: 17/17
  4106 | D:4      | Reached skill level 7 in Conjurations
  4233 | D:4      | Found a staircase to the Ecumenical Temple.
  4243 | Temple   | Entered the Ecumenical Temple
  4248 | Temple   | Became a worshipper of Dithmenos
  4259 | D:4      | Learned a level 4 spell: Iskenderun's Battlesphere
  4646 | D:5      | Reached skill level 5 in Dodging
  4827 | D:5      | Reached skill level 1 in Charms
  5014 | D:5      | Reached XP level 8. HP: 43/43 MP: 6/20
  5579 | D:6      | Reached skill level 8 in Conjurations
  6109 | D:6      | Reached skill level 5 in Spellcasting
  6126 | D:6      | Reached XP level 9. HP: 15/47 MP: 6/23
  6332 | D:6      | Reached skill level 9 in Conjurations
  6415 | D:7      | Reached skill level 1 in Armour
  6545 | D:6      | Upgraded the game from 0.14-a0-2691-g997c442 to 0.14-a0-2721-g4592d88
  7710 | D:7      | Noticed Blork the orc
  7725 | D:7      | Killed Blork the orc
  8117 | D:7      | Reached skill level 10 in Conjurations
  8289 | D:8      | Reached XP level 10. HP: 47/53 MP: 8/25
  8943 | D:8      | Identified a +1 cloak of preservation (You found it on level 8 of the Dungeon)
  8976 | D:9      | Acquired Dithmenos' first power
  9490 | D:8      | Reached skill level 5 in Armour
 10235 | D:8      | Found a staircase to the Lair.
 10733 | Lair:1   | Entered Level 1 of the Lair of Beasts
 10837 | Lair:1   | Learned a level 3 spell: Dazzling Spray
 10874 | Lair:1   | Noticed an oklob plant
 11194 | Lair:1   | Learned a level 4 spell: Airstrike
 11222 | Lair:1   | Reached skill level 1 in Air Magic
 11324 | Lair:1   | Noticed an eight-headed hydra
 11338 | Lair:1   | Killed an eight-headed hydra
 11338 | Lair:1   | Reached skill level 5 in Fighting
 11338 | Lair:1   | Reached XP level 11. HP: 24/63 MP: 4/28
 13605 | Lair:3   | Noticed Snorg
 13645 | Lair:3   | Killed Snorg
 13735 | Lair:2   | Reached skill level 5 in Air Magic
 14541 | Lair:3   | Noticed Gastronok
 14588 | Lair:3   | HP: 3/66 [Gastronok/the air (21)]
 15377 | Lair:2   | Learned a level 6 spell: Conjure Ball Lightning
 15551 | D:9      | Found a staircase to the Orcish Mines.
 15776 | D:9      | Acquired Dithmenos' second power
 15863 | D:9      | Found a sparkling altar of Nemelex Xobeh.
 15867 | D:9      | Reached skill level 10 in Dodging
 16030 | D:9      | Found a white marble altar of Elyvilon.
 16462 | D:10     | Entered Level 10 of the Dungeon
 16501 | D:10     | Noticed Eustachio
 16516 | D:10     | Killed Eustachio
 16623 | D:10     | Learned a level 3 spell: Mephitic Cloud
 17116 | D:10     | Noticed Erolcha
 17129 | D:10     | Killed Erolcha
 17234 | D:10     | Reached XP level 12. HP: 72/72 MP: 25/30
 18050 | D:10     | Upgraded the game from 0.14-a0-2721-g4592d88 to 0.14-a0-2723-gdc5d926
 18103 | Orc:1    | Entered Level 1 of the Orcish Mines
 18573 | Orc:1    | Acquired Dithmenos' third power
 18998 | Orc:2    | Found a burning altar of Makhleb.
 19084 | Orc:2    | HP: 1/72 [orc knight/ bolt (27)]
 19804 | Orc:1    | Acquired Dithmenos' fourth power
 19942 | Orc:1    | Reached skill level 5 in Polearms
 20096 | Orc:1    | Found Fetzuvor's Magic Scroll Emporium.
 20107 | Orc:1    | Bought a scroll of identify for 24 gold pieces
 20107 | Orc:1    | Bought a scroll of identify for 24 gold pieces
 20181 | Orc:3    | Noticed Fannar
 20208 | Orc:3    | Killed from afar by Fannar

Action                   |  1- 3 |  4- 6 |  7- 9 | 10-12 || total
-------------------------+-------+-------+-------+-------++-------
Melee: Hand axe          |    26 |    19 |       |       ||    45
       Trident           |       |    17 |    76 |   249 ||   342
       Bardiche          |       |       |       |   138 ||   138
Throw: Tomahawk          |       |       |     4 |     2 ||     6
 Cast: Magic Dart        |    45 |    24 |   169 |   454 ||   692
       Searing Ray       |     7 |     9 |    23 |     7 ||    46
       Iskenderun's Myst |       |     3 |    32 |   116 ||   151
       Iskenderun's Batt |       |       |    14 |    29 ||    43
       Dazzling Spray    |       |       |       |   101 ||   101
       Airstrike         |       |       |       |     6 ||     6
 Abil: Fly               |       |       |     2 |     2 ||     4
Evoke: Wand              |       |     3 |     1 |     3 ||     7
  Use: Scroll            |     4 |     3 |     5 |    16 ||    28
       Potion            |     1 |     3 |     1 |     4 ||     9
 Stab: Sleeping          |     1 |       |       |     6 ||     7
       Distracted        |       |       |       |     1 ||     1
       Invisible         |       |       |       |    15 ||    15
